Map: Prion Terraces

Players

Archangel

  • Race: Terran Terran
  • League: Bronze

TuuSAmo - Winner!

  • Race: Zerg Zerg

VOD

Have the link to the VOD?

Description

Time

  • Played on: Nov. 22, 2015, 11:29 p.m.
  • Length: 15:22
Show
View Real Time Build Order
Export as new Build Order

Archangel Terran 

Build Orders:  

Get SALT Encoding   

  12  0:02  SCV  
  14  0:14  SCV  
  14  0:26  SCV  
  15  0:38  Supply Depot  
  15  0:41  Refinery  
  15  0:52  Refinery  
  15  1:00  SCV  
  16  1:07  Barracks  
  16  1:12  SCV  
  17  1:24  SCV  
  18  1:36  Supply Depot, SCV  
  19  1:48  SCV  
  20  1:56  Barracks Reactor  
  20  2:00  SCV  
  21  2:04  Factory  
  21  2:11  Factory  
  21  2:12  SCV  
  22  2:25  SCV  
  24  2:37  SCV  
  24  2:49  SCV  
  24  2:50  Factory Tech Lab  
  25  2:55  Starport  
  25  3:02  Starport  
  25  3:04  Factory Tech Lab  
  25  3:32  Command Center  
  25  3:35  Starport Tech Lab  
  25  3:48  Fusion Core  
  25  3:53  Supply Depot  
  25  3:55  Starport Tech Lab  
  25  4:06  Orbital Command  
  25  4:32  Refinery  
  25  4:52  SCV x2  
  27  4:53  Refinery  
  27  5:04  SCV x2, Battlecruiser  
  35  5:16  SCV x2  
  37  5:28  SCV x2  
  39  5:38  Battlecruiser  
  39  5:40  SCV x2  
  47  5:52  SCV  
  47  5:53  SCV  
  49  6:04  SCV  
  49  6:05  SCV  
  51  6:16  SCV  
  51  6:17  SCV  
  53  6:23  Supply Depot  
  53  6:30  Supply Depot  
  53  6:44  Battlecruiser  
  59  6:51  Battlecruiser  
  65  7:13  Starport  
  65  7:28  Starport  
  65  7:41  Starport  
  65  7:58  Starport Tech Lab  
  65  8:08  Supply Depot  
  65  8:18  Starport Tech Lab  
  65  8:26  Supply Depot  
  65  8:30  Battlecruiser  
  70  8:58  Siege Tank  
  70  8:59  Siege Tank  
  76  10:11  Command Center  
  76  10:31  Refinery  
  76  10:38  Orbital Command  
  76  10:44  Refinery  
  76  11:38  Siege Tank x2  
  82  11:43  Battlecruiser x3  
  100  11:56  Supply Depot  
  100  12:07  Supply Depot  
  100  12:13  Supply Depot  
  100  12:17  Battlecruiser  
  106  12:47  Battlecruiser x2  
  106  12:48  Battlecruiser  
  110  13:43  Engineering Bay  
  110  14:14  Battlecruiser  
  88  14:36  Missile Turret  
  88  14:45  Missile Turret  
Show
View Real Time Build Order
Export as new Build Order

TuuSAmo Zerg - Winner!

Build Orders: Pool First 

Get SALT Encoding   

  12  0:01  Drone  
  13  0:11  Drone  
  14  0:17  Overlord  
  14  0:35  Drone x2  
  16  0:36  Drone  
  17  0:49  Drone, Spawning Pool  
  17  1:10  Hatchery  
  16  1:14  Drone  
  16  1:15  Drone  
  18  1:19  Extractor  
  17  1:37  Queen  
  19  1:43  Drone  
  19  1:44  Drone  
  21  1:48  Overlord  
  21  1:55  Zergling x2  
  22  2:12  Drone  
  23  2:21  Drone  
  24  2:24  Drone  
  25  2:30  Metabolic Boost  
  25  2:34  Drone  
  25  2:35  Drone  
  27  2:41  Extractor  
  26  2:45  Roach Warren  
  26  2:47  Queen  
  26  2:51  Drone x2  
  29  2:56  Overlord  
  29  3:00  Drone  
  30  3:10  Zergling x8  
  34  3:23  Queen  
  36  3:27  Roach x4  
  44  3:38  Overlord x2  
  44  3:50  Overlord  
  44  3:53  Lair  
  44  4:19  Hatchery  
  43  4:28  Roach x4  
  51  4:43  Drone x5  
  56  4:50  Evolution Chamber  
  56  4:52  Evolution Chamber, Drone  
  56  4:55  Drone  
  56  5:02  Glial Reconstitution  
  56  5:20  Drone x3  
  56  5:21  Drone x4  
  63  5:29  Zerg Missile Weapons Level 1  
  63  5:31  Zerg Ground Armor Level 1  
  63  5:41  Drone x3  
  63  5:42  Drone x2  
  68  5:43  Drone  
  68  5:45  Drone  
  70  5:50  Roach x2  
  74  5:58  Extractor  
  74  5:59  Extractor  
  72  6:29  Drone  
  72  6:30  Drone  
  72  6:32  Overlord x4  
  74  6:39  Tunneling Claws  
  74  6:42  Burrow  
  74  7:01  Hydralisk Den  
  73  7:06  Roach x5  
  83  7:13  Drone x2  
  83  7:14  Drone x4  
  89  7:33  Hydralisk x3  
  89  7:34  Hydralisk x5  
  105  7:39  Overlord x2  
  105  7:40  Overlord x3  
  105  7:53  Zerg Ground Armor Level 2, Zerg Missile Weapons Level 2  
  105  8:00  Hydralisk x3, Roach  
  105  8:01  Roach x2  
  117  8:06  Ravager  
  118  8:14  Extractor  
  118  8:15  Drone x4, Extractor  
  120  8:25  Hatchery  
  120  8:26  Hydralisk  
  120  8:27  Hydralisk x3  
  127  9:02  Hydralisk x6  
  130  9:03  Hydralisk x2  
  142  9:16  Drone x3  
  145  9:24  Overlord x3  
  145  9:37  Ravager x4  
  145  9:38  Ravager x2  
  151  9:55  Infestation Pit  
  151  9:56  Muscular Augments  
  150  10:03  Hydralisk  
  150  10:04  Hydralisk x2  
  150  10:05  Hydralisk  
  158  10:23  Spire  
  157  10:33  Hive  
  157  10:41  Hydralisk x3, Roach x2  
  157  10:42  Roach  
  169  11:08  Pneumatized Carapace  
  169  11:19  Drone x4  
  169  11:20  Drone  
  174  11:28  Overlord  
  174  11:41  Mutalisk  
  174  11:45  Overlord x2  
  174  11:46  Overlord x7  
  176  11:52  Zerg Ground Armor Level 3, Zerg Missile Weapons Level 3  
  176  12:04  Overseer  
  176  12:08  Mutalisk x3  
  176  12:09  Mutalisk x3  
  188  12:16  Zerg Flyer Weapons Level 1  
  188  12:24  Hydralisk x3  
  188  12:25  Hydralisk x2  
  198  12:32  Roach  
  172  13:22  Mutalisk x4  
  172  13:23  Mutalisk x5  
  188  13:35  Roach x5  
  188  13:36  Roach  
  182  14:29  Roach x4  
  182  14:30  Roach x6  
  182  14:31  Roach  
Tags
 
Add a new tag
Caveats
  • Supply blocks, unpowered buildings, or Contaminate may cause inaccurate times.
  • Supply counts are checked every 10 seconds.